 Dungeon Crawl Stone Soup version 0.30-a0-591-g3c58d2b (webtiles) character file.

Game seed: 6560077333813130508

56 Prohopit the Chopper (level 3, -2/34 HPs)
             Began as a Hill Orc Berserker on Jan 4, 2023.
             Was a Follower of Trog.
             Killed from afar by Ijyb (20 damage)
             ... with a bolt of dispelling energy
             ... on level 4 of the Dungeon on Jan 5, 2023.
             The game lasted 00:06:44 (1281 turns).

Prohopit the Chopper (Hill Orc Berserker)           Turns: 1281, Time: 00:06:45

Health: -2/34      AC:  2    Str: 21    XL:     3   Next: 95%
Magic:  3/3        EV: 17    Int:  7    God:    Trog [*.....]
Gold:   27         SH:  0    Dex: 10    Spells: 2/2 levels left

rFire   . . .      SeeInvis .    a - +0 hand axe
rCold   . . .      Faith    .    (no shield)
rNeg    . . .      Spirit   .    b - +0 animal skin
rPois   .          Reflect  .    (no helmet)
rElec   .          Harm     .    (no cloak)
rCorr   .          Rampage  .    (no gloves)
Will    .....                    (no boots)
Stlth   +                        g - amulet of regeneration
HPRegen 1.05/turn                f - +5 ring of evasion
MPRegen 0.08/turn                (no ring)

@: no status effects
A: no striking features
a: Renounce Religion, Berserk


You were on level 4 of the Dungeon.
You worshipped Trog.
Trog was aware of your devotion.
You visited 1 branch of the dungeon, and saw 4 of its levels.

You collected 27 gold pieces.

Inventory:

Hand Weapons
 a - a +0 hand axe (weapon)
 h - a +0 trident
Armour
 b - a +0 animal skin (worn)
Jewellery
 d - an amulet of magic regeneration
 f - a +5 ring of evasion (left hand)
 g - an amulet of regeneration (around neck)
Scrolls
 i - a scroll of teleportation {unknown}
 k - a scroll of vulnerability {unknown}
Potions
 c - a potion of mutation
 e - a potion of flight {unknown}
 j - a potion of curing {unknown}


   Skills:
 + Level 4.3 Fighting
 + Level 4.9 Axes
 + Level 2.4 Armour
 + Level 2.1 Dodging


You had 2 spell levels left.
You didn't know any spells.
Your spell library contained the following spells:

 Spells                   Type           Power      Damage    Failure   Level
 Dazzling Flash           Conj/Hex       0%         N/A       80%         3
 Agony                    Necr           0%         N/A       100%        5
 Silence                  Hex/Air        0%         N/A       100%        5


Dungeon Overview and Level Annotations

Branches:
Dungeon (4/15)
 Temple: D:4-7

Altars:

Annotations:
D:4 Ijyb


Message History

You climb downwards.
You hear the hiss of flowing sand.
There is an entrance to an ossuary on this level.
Hurry and find it before the portal is buried!
Found 29 gold pieces and 5 stones.
Found a stone staircase leading up.
There is a stone staircase leading up here.
Ijyb zaps a wand.
The bolt of dispelling energy misses you.
You hit Ijyb.
Ijyb is lightly wounded.
Ijyb zaps a wand.
The bolt of dispelling energy misses you.
You barely miss Ijyb.
Ijyb is lightly wounded.
Ijyb zaps a wand.
The bolt of dispelling energy hits you!!
Ouch! That really hurt!
You hit Ijyb but do no damage.
Ijyb is lightly wounded.
Ijyb hits you with a +0 club.
You hit Ijyb.
Ijyb is moderately wounded.
Ijyb misses you.
You closely miss Ijyb.
Ijyb is moderately wounded.
Ijyb hits you with a +0 club.
You completely miss Ijyb.
Ijyb is moderately wounded.
Ijyb barely misses you.
You hit Ijyb but do no damage.
Ijyb is moderately wounded.
Ijyb completely misses you.
You hit Ijyb but do no damage.
Ijyb is moderately wounded.
Ijyb barely misses you.
You barely miss Ijyb.
Ijyb is moderately wounded.
Ijyb zaps a wand.
The bolt of dispelling energy hits you!!
Ouch! That really hurt!
You die...

... #.......#
##..#..##.......
.#..............##
...#.(.......#...##
..................
#............#...
####.......g.......
...........@...##..
.......<......$....
.....##............
... #............ .
#..#..........
#.............
........<......
#....$...###....
###..##.## ###.


You could see Ijyb.

Vanquished Creatures
  3 adders
  2 worms (D:3)
  2 ball pythons
  3 bats (D:2)
  2 endoplasms (D:1)
  2 hobgoblins
  5 kobolds (D:2)
  A quokka (D:2)
  A frilled lizard (D:2)
  2 rats
23 creatures vanquished.

Notes
Turn   | Place    | Note
-------+----------+-------------------------------------------
     0 | D:1      | Prohopit the Hill Orc Berserker began the quest for the
                  | Orb.
     0 | D:1      | Reached XP level 1. HP: 19/19 MP: 1/1
   593 | D:2      | Reached XP level 2. HP: 24/27 MP: 2/2
   817 | D:2      | Reached XP level 3. HP: 23/33 MP: 3/3
  1267 | D:4      | Noticed Ijyb
  1281 | D:4      | Killed from afar by Ijyb

Illustrated notes

Levels and vault maps discovered:
D:1:      minmay_arrival_jagged, layout_basic, hangedman_decor_peaks_small
D:2:      layout_rooms, basic_altar, minmay_goblin_kobold_house
D:3:      layout_basic, serial_shops, nicolae_square_shop,
          cheibrodos_sewer_entry_sluice, uniq_robin, uniq_jessica, uniq_sigmund
D:4:      layout_cave_pools, enter_ossuary_3, uniq_ijyb

Skill      XL: |  1  2 |
---------------+-------+-----
Fighting       | 4 |  4.3
Dodging        | 2 |  2.1
Axes           | |  4.9
Armour         | |  2.4

Action                   || total
-------------------------++-------
Melee: Hand axe          ||    92
       Punch             ||     2
  Use: Scroll            ||     1
Armor: Animal skin       ||    15
Dodge: Dodged            ||    99

Table legend: (Time is in decaauts)
 A = Elapsed time spent in this place.
 B = Non-inter-level travel time spent in this place.
 C = Inter-level travel time spent in this place.
 D = Time resting spent in this place.
 E = Time spent auto-exploring this place.
 F = Levels seen in this place.
 G = Mean time per level.
                   A        B        C        D        E       F      G
               +--------+--------+--------+--------+--------+-----+--------+
         Total |   1286 |   1286 |      0 |    627 |    302 |   4 |  321.5 |
       Dungeon |   1286 |   1286 |      0 |    627 |    302 |   4 |  321.5 |
               +--------+--------+--------+--------+--------+-----+--------+

Top non-repeatable levels by time:
     D:1: 582 daAuts
     D:2: 410 daAuts
     D:3: 280 daAuts
     D:4: 14 daAuts
